 Dungeon Crawl Stone Soup version 0.21.1-1-g345015fe64 (webtiles) character file.

162 Mrkan the Chopper (level 5, -5/46 HPs)
             Began as a Hill Orc Fighter on May 4, 2018.
             Killed from afar by Sigmund (7 damage)
             ... with a puff of flame
             ... on level 3 of the Dungeon.
             The game lasted 00:09:24 (2779 turns).

Mrkan the Chopper (Hill Orc Fighter)                Turns: 2779, Time: 00:09:25

Health: -5/46      AC:  7    Str: 20    XL:     5   Next: 43%
Magic:  5/5        EV:  7    Int:  8    God:
Gold:   124        SH:  9    Dex: 10    Spells: 4/4 levels left

rFire    . . .     SeeInvis .   a - +0 war axe
rCold    . . .     Gourm    .   c - +0 shield
rNeg     . . .     Faith    .   b - +0 scale mail
rPois    .         Spirit   .   (no helmet)
rElec    .         Reflect  .   (no cloak)
rCorr    .         Harm     .   (no gloves)
MR       .....                  (no boots)
Stlth    ..........             (no amulet)
HPRegen  0.15/turn              (no ring)
MPRegen  0.09/turn              (no ring)

@: flying
A: no striking features
a: no special abilities


You were on level 3 of the Dungeon.
You were not hungry.

You visited 1 branch of the dungeon, and saw 3 of its levels.

You collected 124 gold pieces.

Inventory:

Hand Weapons
 a - a +0 war axe (weapon)
Armour
 b - a +0 scale mail (worn)
 c - a +0 shield (worn)
 m - a +0 pair of gloves
 p - a +2 hat
 y - a +3 leather armour
Jewellery
 i - a cursed ring of teleportation {unknown}
Wands
 v - a wand of digging (10)
Scrolls
 j - a scroll of immolation {unknown}
 k - 3 scrolls of teleportation {unknown}
 l - 2 scrolls of identify {unknown}
 n - 4 scrolls of remove curse {unknown}
 r - 3 scrolls of enchant armour {unknown}
 t - a scroll of fear {unknown}
Potions
 d - a potion of might
 e - a potion of heal wounds {unknown}
 g - a potion of mutation {unknown}
 h - a potion of agility
 o - 2 potions of magic {unknown}
 q - a potion of curing {unknown}
 s - 2 potions of lignification {unknown}
 u - 2 potions of cancellation {unknown}
Comestibles
 f - 8 rations
 x - 2 chunks of flesh


   Skills:
 + Level 4.2 Fighting
 + Level 4.9 Axes
 + Level 4.1 Armour
 + Level 0.7 Dodging
 + Level 4.2 Shields


You had 4 spell levels left.
You didn't know any spells.

Dungeon Overview and Level Annotations

Branches:
Dungeon (3/15)

Altars:
Kikubaaqudgha
Ru
Vehumet

Annotations:
D:3 Sigmund


Message History

You block the gnoll's attack. Something hits you but does no damage.
You block the gnoll's attack.
You barely miss the gnoll. You block the gnoll's attack. Something hits you.
You slash the gnoll!
You kill the gnoll!
Something hits you but does no damage.
You start resting.
Something hits you.
* * * LOW HITPOINT WARNING * * *
You start resting.
Something hits you!
* * * LOW HITPOINT WARNING * * *
It was a potion of flight.
You feel very buoyant.
You fly up into the air.
A magic dart appears from out of thin air!
The magic dart hits you!
* * * LOW HITPOINT WARNING * * *
A puff of flame appears from out of thin air!
The puff of flame hits you!
You die...

#.# #..........>#. #.#
#.###########. #####.###
#.# #. #.......# #.# ##
########.....#.# #.#
#............#.# #.#
#.......)....#.###.#
#......)).......##.#
#.........##.#@.##.#
###...._....##.#..##.#
...............#..##.#
###.........####..##.#
###### ####.#.............#
#..... #...#.#############
#.####
#####.........###########.#
# #.#######.#...........# #
### #.#...############


There were no monsters in sight!

Vanquished Creatures
  Terence (D:3)
  An adder (D:2)
  7 gnolls
  A dart slug (D:2)
  A leopard gecko (D:2)
  5 bats
  A giant cockroach (D:1)
  3 goblins
  8 hobgoblins
  8 jackals
  A quokka (D:2)
  6 frilled lizards
  13 kobolds
  3 rats
  5 plants (D:1)
64 creatures vanquished.

Notes
Turn   | Place    | Note
-------+----------+-------------------------------------------
     0 | D:1      | Mrkan the Hill Orc Fighter began the quest for the Orb.
     0 | D:1      | Reached XP level 1. HP: 19/19 MP: 1/1
    29 | D:1      | Reached XP level 2. HP: 5/27 MP: 2/2
   879 | D:1      | Reached XP level 3. HP: 31/33 MP: 3/3
  1233 | D:2      | Reached XP level 4. HP: 33/40 MP: 4/4
  1822 | D:2      | Found an ancient bone altar of Kikubaaqudgha.
  2429 | D:3      | Found a radiant altar of Vehumet.
  2482 | D:3      | Found a sacrificial altar of Ru.
  2558 | D:3      | Noticed Terence
  2564 | D:3      | Killed Terence
  2564 | D:3      | Reached XP level 5. HP: 46/46 MP: 5/5
  2731 | D:3      | Noticed Sigmund
  2770 | D:3      | HP: 1/46 [something (8)]
  2778 | D:3      | HP: 2/46 [something/magic dart (1)]
  2779 | D:3      | Killed from afar by Sigmund

Skill      XL: |  1  2  3  4  5 |
---------------+----------------+-----
Axes           | 3 4 |  4.9
Armour         | 4 |  4.1
Fighting       | 4 |  4.2
Shields        | 4 |  4.2
Dodging        | |  0.7

Action                   |  1- 3 |  4- 6 || total
-------------------------+-------+-------++-------
Melee: War axe           |   253 |    75 ||   328
  Use: Potion            |       |     2 ||     2
  Eat: Chunk             |     2 |     1 ||     3
       Ration            |       |     1 ||     1
Armor: Scale mail        |    67 |    31 ||    98
Dodge: Dodged            |    57 |    28 ||    85
Block: Shield            |    91 |    46 ||   137
